 Dungeon Crawl Stone Soup version 0.25.0-41-g26779e291d (webtiles) character file.

Game seed: 15107131917614208437

2134 Ethylacetat the Arsonist (level 9, -9/51 HPs)
             Began as an Octopode Fire Elementalist on July 10, 2020.
             Was a Follower of Sif Muna.
             Engulfed by a cloud of freezing vapour (21 damage)
             ... on level 6 of the Dungeon.
             The game lasted 00:23:48 (8549 turns).

Ethylacetat the Arsonist (OpFE)                     Turns: 8549, Time: 00:23:48

Health: -9/51      AC:  1    Str:  7    XL:     9   Next: 30%
Magic:  16/16      EV: 13    Int: 20    God:    Sif Muna [*.....]
Gold:   375        SH:  0    Dex: 13    Spells: 11/17 levels left

rFire    . . .     SeeInvis .   t - +2 short sword (venom)
rCold    . . .     Gourm    .   (no shield)
rNeg     . . .     Faith    .   (helmet restricted)
rPois    .         Spirit   .   (no amulet)
rElec    .         Reflect  .   (no ring)
rCorr    .         Harm     .   (no ring)
MR       .....                  (no ring)
Stlth    +++.......             (no ring)
HPRegen  0.17/turn              (no ring)
MPRegen  0.15/turn              (no ring)
                                (no ring)
                                (no ring)

@: no status effects
A: almost no armour, stealthy swim, amphibious, 8 rings, constrict 8, camouflage
1, gelatinous body 1
a: Channel Magic, Renounce Religion


You were on level 6 of the Dungeon.
You worshipped Sif Muna.
Sif Muna was aware of your devotion.
You were hungry.

You visited 1 branch of the dungeon, and saw 6 of its levels.

You collected 375 gold pieces.

Inventory:

Hand Weapons
 k - a +3 short sword
 t - a +2 short sword of venom (weapon)
Wands
 v - a wand of flame (16)
Scrolls
 a - 3 scrolls of enchant weapon
 d - 11 scrolls of identify
 e - a scroll of fog {unknown}
 g - a scroll of immolation {unknown}
 h - 2 scrolls of teleportation {unknown}
 j - 3 scrolls of remove curse
 l - a scroll of magic mapping {unknown}
 n - 2 scrolls of blinking {unknown}
 o - a scroll of enchant armour {unknown}
 q - 2 scrolls of amnesia {unknown}
Potions
 c - 2 potions of cancellation {unknown}
 f - 2 potions of heal wounds
 i - a potion of might {unknown}
 m - 2 potions of flight {unknown}
 p - a potion of invisibility {unknown}
 r - 2 potions of degeneration {unknown}
 s - a potion of magic {unknown}
 u - 2 potions of curing {unknown}
Comestibles
 b - 11 rations
 w - 6 chunks of flesh


   Skills:
 - Level 2.0 Dodging
 - Level 2.6 Stealth
 + Level 4.9 Spellcasting
 * Level 6.9 Conjurations
 * Level 8.1 Fire Magic
 + Level 3.9 Invocations


You had 11 spell levels left.
You knew the following spells:

 Your Spells              Type           Power        Failure   Level  Hunger
a - Foxfire               Conj/Fire      ####         1%          1    None
b - Fireball              Conj/Fire      #####.....   14%         5    ######.

Your spell library contained the following spells:

 Spells                   Type           Power        Failure   Level  Hunger
 Conjure Flame            Conj/Fire      #####...     1%          3    ##.....
 Sticky Flame             Conj/Fire      #####...     5%          4    ####...
 Inner Flame              Hex/Fire       ###.....     7%          3    ##.....


Dungeon Overview and Level Annotations

Branches:
Dungeon (6/15)             Temple (0/1) D:5

Altars:
Elyvilon
Makhleb
Sif Muna

Shops:
D:6 :

Annotations:
D:6 Edmund


Innate Abilities, Weirdness & Mutations

You cannot wear most types of armour.
You are very stealthy in the water. (Stealth+)
You are amphibious.
You can wear up to eight rings at the same time.
You can use your tentacles to constrict eight enemies at once.
Your skin changes colour to match your surroundings (Stealth+).
Your rubbery body absorbs attacks. (AC +1, EV +1)


Message History

a cursed -2 giant club; an ogre skeleton
j - 3 scrolls of remove curse (gained 1)
You now have 350 gold pieces (gained 14).
You now have 364 gold pieces (gained 14).
You now have 375 gold pieces (gained 11).
d - 11 scrolls of identify (gained 1)
Found a robe.
Found a stone staircase leading up.
You see here 24 stones.
You see here 15 stones.
Partly explored, can't reach some places.
Partly explored, can't reach some places.
You are feeling hungry.
Really walk into a travel-excluded area?
There is an open door here.
You are engulfed in freezing vapours.
Ouch! That really hurt!
You are engulfed in freezing vapours.
* * * LOW HITPOINT WARNING * * *
You are engulfed in freezing vapours.
You die...

###.)).....##
###)#.#.....####.○○##
....#.###....###○#○##
.####.###....###○#○##
.####.....######○#○##
..##...#### ##○#○##
........#### ##○#○##
...........#####○#○##
#.......#.....(#@#○##
..####.........#○#○##
...####........#○#○##
..........######○#○##
.####.##......##○#○##
.####.###...#..#○#○##
...............#○#○##
######.####.#..#○#○##
.#####.###.....#○#$##


There were no monsters in sight!

Vanquished Creatures
  Pikel (D:3)
  Sigmund (D:5)
  The ghost of hofbold the Gusty, an amateur TeAE (D:4)
  A water moccasin (D:5)
  3 slaves
  2 ogres
  A bullfrog (D:6)
  Blork the orc (D:5)
  3 scorpions
  A crimson imp (D:5)
  3 bullfrog zombies (D:5)
  3 orc priests (D:6)
  A jelly (D:5)
  3 centaur skeletons
  Crazy Yiuf (D:4)
  A hound (D:5)
  4 orc wizards
  A bullfrog skeleton (D:5)
  3 hound zombies (D:5)
  A howler monkey zombie (D:5)
  3 worker ant zombies (D:5)
  11 adders
  A shadow imp (D:5)
  2 oozes
  3 adder zombies (D:5)
  2 worms (D:2)
  3 dart slugs
  2 leopard geckos
  9 orcs
  7 bats
  3 giant cockroaches
  5 goblins
  5 hobgoblins
  A ball python skeleton (D:4)
  8 frilled lizards
  2 giant cockroach zombies (D:5)
  A jackal skeleton (D:5)
  7 kobolds
  2 quokka zombies (D:5)
  A rat (D:2)
114 creatures vanquished.

Vanquished Creatures (collateral kills)
  A howler monkey (D:5)
  A jelly (D:5)
  An orc (D:5)
  A goblin (D:3)
  A frilled lizard (D:4)
  A leopard gecko zombie (D:5)
6 creatures vanquished.

Vanquished Creatures (others)
  A quokka (D:5)
  505 foxfires
506 creatures vanquished.

Grand Total: 626 creatures vanquished

Notes
Turn   | Place    | Note
-------+----------+-------------------------------------------
     0 | D:1      | Ethylacetat the Octopode Fire Elementalist began the quest
                  | for the Orb.
     0 | D:1      | Reached XP level 1. HP: 11/11 MP: 3/3
   191 | D:1      | Reached XP level 2. HP: 8/17 MP: 0/5
  1137 | D:2      | Reached skill level 4 in Fire Magic
  1137 | D:2      | Reached XP level 3. HP: 21/21 MP: 2/6
  1869 | D:2      | Reached XP level 4. HP: 23/27 MP: 5/7
  3106 | D:3      | Found a burning altar of Makhleb.
  3241 | D:3      | Found a shimmering blue altar of Sif Muna.
  3323 | D:3      | Became a worshipper of Sif Muna the Loreminder
  3355 | D:4      | Reached XP level 5. HP: 24/31 MP: 1/8
  3481 | D:4      | Reached skill level 5 in Fire Magic
  3530 | D:4      | Noticed an ogre
  3539 | D:4      | Killed an ogre
  3539 | D:4      | Reached XP level 6. HP: 11/36 MP: 5/10
  3945 | D:4      | You fall into a shaft and drop 2 floors!
  3948 | D:6      | Found Fovy Nakk's Book Shop.
  4103 | D:6      | Reached XP level 7. HP: 41/41 MP: 1/12
  4556 | D:6      | Noticed Edmund
  4644 | D:5      | Entered Level 5 of the Dungeon
  4860 | D:4      | Found a large runed translucent door.
  4860 | D:4      | Found a large runed translucent door.
  4885 | D:4      | Reached skill level 6 in Fire Magic
  5194 | D:4      | Noticed hofbold's ghost (amateur TeAE)
  5205 | D:4      | Killed hofbold's ghost
  5205 | D:4      | Reached skill level 1 in Invocations
  5360 | D:4      | Noticed Pikel
  5369 | D:4      | HP: 2/41 [Pikel/+0 whip of freezing (2)]
  5931 | D:3      | Killed Pikel
  5931 | D:3      | Reached skill level 5 in Conjurations
  5931 | D:3      | Reached XP level 8. HP: 7/46 MP: 12/14
  6342 | D:4      | Found a runed translucent door.
  6343 | D:4      | Noticed Crazy Yiuf
  6350 | D:4      | Killed Crazy Yiuf
  6350 | D:4      | Reached skill level 7 in Fire Magic
  6551 | D:4      | Learned a level 5 spell: Fireball
  6639 | D:5      | Reached * piety under Sif Muna
  7100 | D:5      | Noticed Sigmund
  7377 | D:5      | Killed Sigmund
  7564 | D:5      | Reached XP level 9. HP: 46/51 MP: 15/15
  7730 | D:5      | Found a staircase to the Ecumenical Temple.
  7986 | D:5      | Noticed Blork the orc
  7992 | D:5      | Killed Blork the orc
  8056 | D:5      | Reached skill level 8 in Fire Magic
  8230 | D:5      | Found a white marble altar of Elyvilon.
  8549 | D:6      | Engulfed by a cloud of freezing vapour

Illustrated notes

Levels and vault maps discovered:
D:1:      psy_arrival_statuary, layout_loops_ring, serial_bayou_pond_c,
          minmay_statues_item
D:2:      minmay_general_purpose_star, layout_basic
D:3:      layout_rooms, marbit_many_paths, lemuel_blue_sif_altar,
          kennysheep_donut, wander_ebering_terrifying_dragon_lair
D:4:      layout_loops_ring, first_ration, ebering_ghost_disaster_area,
          uniq_crazy_yiuf_cottage, uniq_pikel
D:5:      layout_rooms, minmay_temple_entry_tees, serial_undead,
          serial_undead_f, serial_undead_f, serial_undead_a, serial_undead_f,
          serial_undead_d, serial_undead_b, serial_undead_e, serial_undead_e,
          elyvilon_altar_4, uniq_sigmund, uniq_blork_the_orc
D:6:      lemuel_ice_spiral_2, layout_rooms, serial_shops, shop,
          minmay_misc_feat_enclosed, uniq_edmund

Skill      XL: |  1  2  3  4  5  6  7  8  9 |
---------------+----------------------------+-----
Fire Magic     | 4 5 6 7 8 |  8.1
Conjurations   | 2 3 4 5 6 |  6.9
Spellcasting   | 3 4 |  4.9
Invocations    | 2 3 |  3.9
Dodging        | |  2.0
Stealth        | |  2.6

Action                   |  1- 3 |  4- 6 |  7- 9 || total
-------------------------+-------+-------+-------++-------
Melee: Unarmed           |     7 |       |       ||     7
       Tentacles         |     2 |     5 |     7 ||    14
       Constrict         |     4 |     4 |    12 ||    20
       Short sword       |     2 |    15 |    49 ||    66
 Cast: Foxfire           |    49 |    81 |   220 ||   350
  Use: Scroll            |     2 |       |     2 ||     4
  Eat: Chunk             |     3 |     7 |    10 ||    20
       Ration            |       |       |     1 ||     1
Armor: Skin              |     5 |     3 |     3 ||    11
Dodge: Dodged            |    19 |     6 |    51 ||    76
